[Event "*** SCC Grand Prix: Titled Tuesday Blitz"]
[Site "Chess.com"]
[Date "2020.08.11"]
[Round "9"]
[White "Firouzja2003"]
[Black "ChessWarrior7197"]
[Result "0-1"]
[WhiteElo "3029"]
[BlackElo "2935"]
[TimeControl "180+1"]
[EndTime "11:44:55 PDT"]
[Termination "ChessWarrior7197 won on time"]

1. e4 e5 2. Nf3 Nc6 3. Bb5 a6 4. Ba4 Nf6 5. O-O Nxe4 6. d4 b5 7. Bb3 d5 8. dxe5 Be6 9. c3 Bc5 10. Qd3 O-O 11. Nbd2 f5 12. Nd4 Nxd4 13. cxd4 Bb6 14.
f3 c5 15. fxe4 fxe4 16. Rxf8+ Qxf8 17. Qg3 c4 18. Qe3 Qb8 19. Nxe4 dxe4 20. Bc2 Qd8 21.
Kh1 Qxd4 22. Qxd4 Bxd4 23. Bxe4 Rf8 24. Bg5 Bxb2 25. Rd1 Bxe5 26. Bf3 Bf5 27. Rd5 Re8 28. g4 Bg6 29. Rc5 Bd4 30. Rc6 c3 31. Bd5+ Kh8 32. h4 c2 33. h5 Bd3 34. h6 gxh6 35. Bxh6 Be3 0-1

[Event "*** SCC Grand Prix: Titled Tuesday Blitz"]
[Site "Chess.com"]
[Date "2020.08.11"]
[Round "9"]
[White "Matveev_Vladimir"]
[Black "IMTominho"]
[Result "0-1"]
[WhiteElo "2648"]
[BlackElo "2772"]
[TimeControl "180+1"]
[EndTime "11:44:55 PDT"]
[Termination "IMTominho won by resignation"]

1. d4 d5 2. c4 c6 3. Nf3 Nf6 4. Qc2 dxc4 5. e4 b5 6. b3 cxb3 7. axb3 e6 8. Bd2 Bb7 9. Ba5 Qc8 10. Bd3 Nbd7 11. b4 Qb8 12. O-O e5 13. Nxe5 Nxe5 14.
dxe5 Qxe5 15. Nd2 Be7 16. Nf3 Qf4 17. Rfe1 g6 18. e5 Nd5 19. Re4 Qh6 20. Qb2 O-O 21.
Rae1 a6 22. e6 Bf6 23. Qb3 Rae8 24. exf7+ Kxf7 25. h4 Rxe4 26. Bxe4 Qf4 27. Bxd5+ cxd5 28. Qc2 Rc8 29. Qd3 Rc1 30. Rxc1 Qxc1+ 31. Kh2 Qf4+ 32. g3 Qe4 33. Qd1 d4 0-1

[Event "*** SCC Grand Prix: Titled Tuesday Blitz"]
[Site "Chess.com"]
[Date "2020.08.11"]
[Round "9"]
[White "korbul"]
[Black "DonPreuss"]
[Result "0-1"]
[WhiteElo "2540"]
[BlackElo "2238"]
[TimeControl "180+1"]
[EndTime "11:44:55 PDT"]
[Termination "DonPreuss won by resignation"]

1. e4 e5 2. Nf3 d5 3. exd5 e4 4. Bb5+ c6 5. dxc6 bxc6 6. Qe2 cxb5 7. Qxe4+ Qe7 8. Ne5 Bb7 9. Qe2 Bxg2 10. Rg1 Bc6 11. d4 f6 12. Nc3 fxe5 13. dxe5 Qe6 14. Bg5 Be7 15. O-O-O Bxg5+ 16. Rxg5 Nd7 17. Nxb5 Bxb5 18. Qxb5 Rd8 19. Rd6 Qe7 20. f4 Nh6 21. Qd5 Qf7 22. Re6+ Kf8 23. Qd6+ Kg8 24. f5 Nxf5 25. Qd5 Ne3 26.
Qb3 Nc5 27. Rd6 Nxb3+ 28. axb3 0-1

[Event "*** SCC Grand Prix: Titled Tuesday Blitz"]
[Site "Chess.com"]
[Date "2020.08.11"]
[Round "9"]
[White "Alexander_Zubov"]
[Black "PavelShkapenko"]
[Result "1-0"]
[WhiteElo "2841"]
[BlackElo "2672"]
[TimeControl "180+1"]
[EndTime "11:44:56 PDT"]
[Termination "Alexander_Zubov won by resignation"]

1. d4 d5 2. c4 e6 3. Nf3 c5 4.
cxd5 exd5 5. Nc3 Nc6 6. Bf4 c4 7. a3 Nf6 8. e3 Be7 9. Be2 O-O 10. O-O h6 11. Ne5 Qb6 12. Na4 Qd8 13. b3 cxb3 14. Nxc6 bxc6 15. Qxb3 Ne4 16. Qc2 Bd7 17. Bd3 Nf6 18. Nc5 Bc8 19. h3 Nd7 20. Na6 Bxa6 21. Bxa6 Qb6 22. Qa4 Nb8 23. Be2 Qd8 24. Bxb8 Rxb8 25. Qxc6 Rb3 26. a4 Rb6 27. Qc2 a5 28.
Rfc1 Bb4 29. Qc7 Qf6 30. Bf3 Rd6 31. Qb7 g6 32. Bxd5 Rfd8 33. Bf3 Kg7 34. Rc6 Rxc6 35. Qxc6 Qxc6 36. Bxc6 Rc8 37. d5 Bd6 38. Rb1 Rb8 39. Bb5 Rc8 40. Bf1 Kf6 41. Rb7 Rc7 42. Rb5 Rc5 43.
f4 Rxb5 44. Bxb5 Bc5 45. Kf2 Ke7 46. Kf3 f6 47. h4 Kd6 48. e4 g5 49. g3 gxh4 50. gxh4 Bb4 51. Kg4 Bd2 52. h5 Bc1 53. Kf5 Bd2 54. Bc6 Bc1 55. e5+ fxe5 56. fxe5+ Ke7 57.
d6+ Kd8 58. e6 1-0

[Event "*** SCC Grand Prix: Titled Tuesday Blitz"]
[Site "Chess.com"]
[Date "2020.08.11"]
[Round "9"]
[White "FMJoseHerrera"]
[Black "ketster"]
[Result "0-1"]
[WhiteElo "2497"]
[BlackElo "2388"]
[TimeControl "180+1"]
[EndTime "11:44:57 PDT"]
[Termination "ketster won by checkmate"]

1. Nf3 Nf6 2. g3 d5 3. Bg2 b5 4.
d3 Bb7 5. O-O e6 6. a4 b4 7. c4 c5 8. b3 Be7 9. Bb2 O-O 10. e3 a5 11. Nbd2 Nbd7 12. Rc1 Nb6 13. Qe2 Rc8 14. Rfd1 Qc7 15. cxd5 Bxd5 16. Nc4 Nxc4 17.
dxc4 Be4 18. Nh4 Qb7 19. Bxe4 Nxe4 20. Qf3 Bxh4 21. gxh4 f5 22. Be5 Rcd8 23. h5 Qf7 24. Rxd8 Rxd8 25. Rd1 Rxd1+ 26. Qxd1 h6 27. Qd8+ Kh7 28.
Qxa5 Qxh5 29. Qc7 Qd1+ 30. Kg2 Qg4+ 31. Bg3 Nd2 32. Qxc5 Qd1 33. Bf4 Qf1+ 34. Kg3 Qg1+ 35. Kh3 Qg4# 0-1

[Event "*** SCC Grand Prix: Titled Tuesday Blitz"]
[Site "Chess.com"]
[Date "2020.08.11"]
[Round "9"]
[White "northridgehawk"]
[Black "Ze-Pequeno"]
[Result "0-1"]
[WhiteElo "2299"]
[BlackElo "2179"]
[TimeControl "180+1"]
[EndTime "11:44:57 PDT"]
[Termination "Ze-Pequeno won by checkmate"]

1. e4 c5 2. Nf3 d6 3. d4 cxd4 4. Nxd4 Nf6 5. Nc3 a6 6. h3 e6 7.
g4 Be7 8. Bg2 Nfd7 9. O-O Nc6 10.
Nde2 Rb8 11. a4 b6 12. Be3 Bb7 13. b3 Qc7 14. Ng3 Rc8 15. Nce2 O-O 16. c4 Nc5 17.
Nc3 Nb4 18. Qd2 Nxb3 19. Qb2 Nxa1 20. Qxa1 Nc2 21. Qc1 Nxe3 22. Qxe3 Ba8 23. Rb1 Qxc4 24. Nce2 Qc5 25. Rxb6 Qxe3 26. fxe3 Rc6 27. Rb2 Rfc8 28.
Nf1 Rc2 29. Rxc2 Rxc2 30. Nd4 Ra2 31. Bf3 Rxa4 32. Kf2 Ra2+ 33. Kg3 a5 34. Bd1 a4 35. Kf3 Ra1 36. Be2 a3 37. Nd2 a2 38. Bc4 Rd1 39.
N2b3 a1=Q 40. Nxa1 Rxa1 41. g5 Bxg5 42. Ne2 Ra3 43. Kg4 Bxe3 44. Ng3 Bd4 45. h4 Be5 46. Ne2 Bxe4 47. h5 f5+ 48. Kh4 Bf6# 0-1

[Event "*** SCC Grand Prix: Titled Tuesday Blitz"]
[Site "Chess.com"]
[Date "2020.08.11"]
[Round "9"]
[White "BabyBoss31"]
[Black "korkmaz16"]
[Result "0-1"]
[WhiteElo "2214"]
[BlackElo "2350"]
[TimeControl "180+1"]
[EndTime "11:44:58 PDT"]
[Termination "korkmaz16 won on time"]

1. d4 d5 2. c4 e5 3. dxe5 d4 4. Nf3 Nc6 5. g3 Be6 6. Nbd2 Qd7 7. Bg2 Bh3 8. O-O Bxg2 9. Kxg2 Nge7 10. Nb3 O-O-O 11.
Nc5 Qf5 12. Qd3 Qh5 13. Qb3 b6 14. Nd3 Ng6 15. Qa4 Kb7 16. Nf4 Qf5 17. a3 Qe4 18. b4 Ncxe5 19. b5 d3 20. Qd1 Nxf4+ 21. Bxf4 Nxc4 22. Re1 d2 23. Rf1 Bc5 24. Qb1 Qxe2 25. Qc2 Rhe8 26. a4 f6 0-1

[Event "*** SCC Grand Prix: Titled Tuesday Blitz"]
[Site "Chess.com"]
[Date "2020.08.11"]
[Round "9"]
[White "HanSchut"]
[Black "Chessalary"]
[Result "0-1"]
[WhiteElo "2297"]
[BlackElo "2292"]
[TimeControl "180+1"]
[EndTime "11:44:58 PDT"]
[Termination "Chessalary won on time"]

1. e4 d5 2. exd5 Qxd5 3. Nc3 Qd8 4. d4 g6 5. Nf3 Bg7 6. h3 Nf6 7.
Bg5 O-O 8. Qd2 c6 9. Bh6 b5 10. Bd3 Nbd7 11. a4 b4 12. Ne4 Nd5 13. O-O N7f6 14.
Ne5 Bb7 15. Nc5 Qc7 16. a5 Rad8 17. a6 Bc8 18. c4 bxc3 19. bxc3 Nh5 20. Bxg7 Kxg7 21.
Rfe1 Ndf4 22. Bf1 Nd5 23. c4 Nb6 24. Qc3 Nf6 25. Nf3 Qf4 26. Nb7 Bxb7 27. axb7 Rb8 28. Rxa7 Qc7 0-1

[Event "*** SCC Grand Prix: Titled Tuesday Blitz"]
[Site "Chess.com"]
[Date "2020.08.11"]
[Round "9"]
[White "lucachess49"]
[Black "GelmanAlexander"]
[Result "1-0"]
[WhiteElo "2458"]
[BlackElo "2563"]
[TimeControl "180+1"]
[EndTime "11:44:59 PDT"]
[Termination "lucachess49 won on time"]

1. d4 Nf6 2. c4 c5 3. d5 b5 4.
cxb5 a6 5. bxa6 e6 6. Nc3 exd5 7. Nxd5 Nxa6 8. Bg5 Bb7 9. Nxf6+ gxf6 10. Bd2 Qb6 11. e3 Nb4 12. Nf3 Be4 13. Bxb4 Qxb4+ 14. Qd2 c4 15. a3 Qa4 16. Rd1 d5 17. Be2 f5 18.
O-O Bg7 19. Nd4 f4 20. f3 Bg6 21. exf4 O-O 22. f5 Bxd4+ 23. Qxd4 Bxf5 24. Qxd5 Be6 25. Qg5+ Kh8 26. Qf6+ Kg8 27. f4 Qc2 28. Bf3 Ra5 29.
Rf2 Qb3 30. Rdf1 Rf5 31. Qh6 Rd8 32. Be4 1-0

[Event "*** SCC Grand Prix: Titled Tuesday Blitz"]
[Site "Chess.com"]
[Date "2020.08.11"]
[Round "9"]
[White "Ariadna_Atreides"]
[Black "Alopekos"]
[Result "1-0"]
[WhiteElo "2057"]
[BlackElo "2260"]
[TimeControl "180+1"]
[EndTime "11:44:59 PDT"]
[Termination "Ariadna_Atreides won by checkmate"]

1. d4 Nf6 2. Nf3 e6 3. e3 b6 4. Bd3 Bb7 5. b3 Bb4+ 6. c3 Be7 7.
Bb2 O-O 8. Nbd2 d5 9. O-O Nbd7 10. a4 a6 11. Ba3 c5 12. Qe2 Qc7 13. h3 e5 14. e4 exd4 15. cxd4 Nxe4 16. Nxe4 dxe4 17. Bxe4 Bxe4 18. Qxe4 Nf6 19. Qe2 Rfe8 20. Rfe1 Bd6 21. Qc2 Rac8 22. Rxe8+ Nxe8 23. Re1 c4 24. Bxd6 Nxd6 25.
bxc4 Nxc4 26. Nd2 Nxd2 27. Qxc7 Rxc7 28. Re8# 1-0

[Event "*** SCC Grand Prix: Titled Tuesday Blitz"]
[Site "Chess.com"]
[Date "2020.08.11"]
[Round "9"]
[White "Ranindu2003"]
[Black "Aguiar94"]
[Result "0-1"]
[WhiteElo "2592"]
[BlackElo "2463"]
[TimeControl "180+1"]
[EndTime "11:45:00 PDT"]
[Termination "Aguiar94 won by resignation"]

1. e4 c5 2. Nf3 e6 3. d4 cxd4 4.
Bg5 Qa5+ 5. Nbd2 Nc6 6. Bd3 h6 7. Bf4 g5 8. Bg3 Bg7 9. O-O Nge7 10. Nc4 Qd8 11. Nd6+ Kf8 12. Re1 Ng6 13. e5 Nge7 14.
Be4 Qb6 15. b3 f6 16. Nc4 Qd8 17. Nxd4 Nxd4 18. Qxd4 f5 19. Bd3 f4 20. Bxf4 gxf4 21. Qxf4+ Kg8 22. Nd6 Qf8 23. Qg3 h5 24. Re4 h4 25.
Qg5 Nf5 26. Rf4 Qe7 27. Qg6 Rh6 28. Nxf5 exf5 29. Qxf5 d5 30. e6 Bxe6 31. Re1 Bxf5 32. Rxe7 Bxd3 33. cxd3 b6 34. Rg4 Rh7 35. f4 Kh8 36. h3 Bd4+ 37. Kh2 Rxe7 38. Rxh4+ Rh7 39. Rg4 Rg8 0-1

[Event "*** SCC Grand Prix: Titled Tuesday Blitz"]
[Site "Chess.com"]
[Date "2020.08.11"]
[Round "9"]
[White "Harsha_Bharathakoti"]
[Black "sodastream007"]
[Result "0-1"]
[WhiteElo "2813"]
[BlackElo "2267"]
[TimeControl "180+1"]
[EndTime "11:45:02 PDT"]
[Termination "sodastream007 won by resignation"]

1. c4 c6 2. Nc3 d5 3. e3 Nf6 4. Nf3 Nbd7 5. d4 e6 6. Qc2 Bd6 7. Bd3 dxc4 8. Bxc4 b5 9. Be2 Bb7 10. O-O O-O 11. Rd1 Rc8 12. e4 c5 13. e5 cxd4 14.
exf6 Nxf6 15. Nxd4 b4 16. Ndb5 Ne4 17. Nxd6 Nxf2 18.
Nxc8 Nxd1 19. Nxd1 Bxc8 20. Be3 Qh4 21. Nf2 Bb7 22.
Qc7 Bd5 23. Qxa7 f5 24. Bd4 Qg5 25. Bf1 f4 26. Nd3 h6 27. Nxb4 Bxg2 28. Bxg2 f3 29.
Qxg7+ Qxg7 30. Bxg7 Kxg7 31. Bf1 e5 32. Re1 f2+ 33.
Kg2 fxe1=Q 0-1

[Event "*** SCC Grand Prix: Titled Tuesday Blitz"]
[Site "Chess.com"]
[Date "2020.08.11"]
[Round "9"]
[White "PavelChernomordik"]
[Black "BursaBBSatranc"]
[Result "0-1"]
[WhiteElo "2358"]
[BlackElo "2512"]
[TimeControl "180+1"]
[EndTime "11:45:08 PDT"]
[Termination "BursaBBSatranc won by resignation"]

1. e4 e5 2. Nf3 Nf6 3. Nc3 Nc6 4. Bb5 Bb4 5. O-O O-O 6. d3 d6 7. Bg5 Bxc3 8. bxc3 Qe7 9. h3 Nd8 10. Re1 Ne6 11. Be3 c5 12. a4 Bd7 13. Bc4 Bc6 14.
Nh4 g6 15. Bh6 Rfe8 16. Qd2 Nxe4 17. Nxg6 hxg6 18. dxe4 Rad8 19. a5 Qf6 20. Bd5 Bxd5 21. exd5 Nf4 22. Bxf4 exf4 23. Rab1 Rxe1+ 24. Qxe1 f3 25. Rxb7 Qg5 26. g3 Qxd5 27. Qe7 Rf8 28. Rd7 Qd1+ 29.
Kh2 Qf1 0-1

[Event "*** SCC Grand Prix: Titled Tuesday Blitz"]
[Site "Chess.com"]
[Date "2020.08.11"]
[Round "9"]
[White "Gulkov_Igor"]
[Black "volkanyirik"]
[Result "1-0"]
[WhiteElo "2418"]
[BlackElo "2276"]
[TimeControl "180+1"]
[EndTime "11:45:10 PDT"]
[Termination "Gulkov_Igor won by resignation"]

1. Nf3 Nf6 2. c4 g6 3. Nc3 Bg7 4. e4 O-O 5. d4 d6 6. Be2 e5 7. Be3 Nc6 8. d5 Ne7 9. Nd2 c5 10. g4 Nd7 11. g5 f5 12. gxf6 Nxf6 13. h4 a6 14. h5 b5 15. cxb5 axb5 16. hxg6 hxg6 17.
Bxb5 Ba6 18. Bxa6 Rxa6 19. Qe2 Qa8 20. Nc4 Nd7 21. f3 Nb6 22. Nxb6 Rxb6 23. b3 Qa5 24. Bd2 Qa3 25. Na4 Rbb8 26. Bc1 Qb4+ 27. Bd2 Qa3 28. Bc1 Qb4+ 29. Bd2 Qb7 30. Bc3 Rf7 31. Nb2 Rbf8 32. Rf1 Qc8 33. Nc4 Qd7 34. a4 Nc8 35.
Ra3 Qh3 36. Kd2 Rxf3 37. Rxf3 Rxf3 38. b4 cxb4 39. Bxb4 Rxa3 40. Bxa3 Qb3 41. Qd3 Bh6+ 42. Ke2 Qxa4 43. Bxd6 Qa2+ 44. Kf3 Nxd6 45. Nxd6 Qh2 46. Nc4 Bf4 47. d6 Qg3+ 48. Ke2 Qg2+ 49. Kd1 Qa2 50. Qd5+ Kh7 51. d7 Qb1+ 52. Ke2 Qc2+ 53. Ke1 Qb1+ 54. Ke2 Qc2+ 55. Kf3 Qh2 56. d8=Q Qg3+ 57. Ke2 Qg2+ 58. Kd3 Qf3+ 59. Kc2 1-0

[Event "*** SCC Grand Prix: Titled Tuesday Blitz"]
[Site "Chess.com"]
[Date "2020.08.11"]
[Round "9"]
[White "wonderfultime"]
[Black "vladislavkovalev"]
[Result "1/2-1/2"]
[WhiteElo "2979"]
[BlackElo "2890"]
[TimeControl "180+1"]
[EndTime "11:45:11 PDT"]
[Termination "Game drawn by agreement"]

1. d4 Nf6 2. Nf3 g6 3. Bg5 Bg7 4. Nbd2 O-O 5. c3 d6 6. e4 c5 7. dxc5 dxc5 8. Bc4 Nc6 9. O-O h6 10. Bxf6 Bxf6 11. Qe2 Bg7 12. Rfd1 Qc7 13. Nf1 Na5 14. Bd3 Be6 15. Ne3 Rfd8 16. h3 a6 17. Bc2 b5 18.
Nd5 Qb7 19. a4 b4 20. Rac1 Rd6 21. Bd3 Rad8 22. cxb4 Bxd5 23. exd5 Qxb4 24. Bxa6 Qxb2 25. Rxc5 Qb6 26. Rc8 Rxc8 27. Bxc8 Qd8 28. Ba6 Bf6 29. Bb5 Rxd5 30. Rxd5 Qxd5 31. g3 Kg7 32. Nd2 e6 33. Ne4 Bd4 34. Nd2 Bc3 35. Ne4 Bd4 36. Nd2 Bc3 37. Ne4 1/2-1/2

[Event "*** SCC Grand Prix: Titled Tuesday Blitz"]
[Site "Chess.com"]
[Date "2020.08.11"]
[Round "9"]
[White "Gabix_94"]
[Black "wannabe2700"]
[Result "1-0"]
[WhiteElo "2856"]
[BlackElo "2680"]
[TimeControl "180+1"]
[EndTime "11:45:11 PDT"]
[Termination "Gabix_94 won on time"]

1. c4 f5 2. Nc3 Nf6 3. g3 g6 4.
Bg2 Bg7 5. d3 O-O 6. Nf3 d6 7. O-O e5 8. Bg5 h6 9. Bxf6 Qxf6 10.
Nd2 g5 11. b4 h5 12. e3 h4 13.
Nd5 Qf7 14. Nf3 hxg3 15. fxg3 Bh6 16. g4 c6 17. Nc3 fxg4 18. Nd2 Qe7 19. Rxf8+ Bxf8 20.
b5 Be6 21. Rb1 Qd8 22. Qe2 d5 23. bxc6 bxc6 24. cxd5 cxd5 25. Rb5 Nc6 26. Rxd5 Qb6 27. Rb5 Qa6 28. Nc4 Rd8 29. a4 Bb4 30. Nd5 Qxa4 31. Nxb4 Nxb4 32. Rxe5 Bxc4 33. Rxg5+ Kf8 34. Qf1+ Bf7 35.
Qf6 Qd1+ 36. Bf1 Rxd3 37. Rf5 Rd7 38. Qh6+ Ke7 39. Qf6+ Kf8 40. Rh5 1-0

[Event "*** SCC Grand Prix: Titled Tuesday Blitz"]
[Site "Chess.com"]
[Date "2020.08.11"]
[Round "9"]
[White "smshk35"]
[Black "Shubinkirill2003"]
[Result "0-1"]
[WhiteElo "2495"]
[BlackElo "2671"]
[TimeControl "180+1"]
[EndTime "11:45:11 PDT"]
[Termination "Shubinkirill2003 won by resignation"]

1. e4 e6 2. d4 d5 3. Nd2 Be7 4. Ngf3 Nf6 5. e5 Nfd7 6. c3 c5 7. Bd3 Nc6 8. O-O a5 9. a4 b6 10. Bb5 Na7 11. Qe2 Nxb5 12. axb5 c4 13. b3 cxb3 14.
Nxb3 O-O 15. Bf4 Bb7 16. h4 Rc8 17. Qd3 Bxh4 18. Nxh4 Qxh4 19. g3 Qe7 20. Kg2 f5 21. exf6 gxf6 22. Bh6 Rf7 23. f4 Kh8 24. Rae1 Rg8 25.
Qe3 e5 26. Kg1 e4 27. Kf2 Rc8 28. Rh1 Qa3 29. f5 Qxb3 30. Rc1 Qb2+ 31. Kg1 a4 32.
Qf4 a3 33. Qd6 Rxc3 34. Rxc3 Qxc3 35. Qe6 Qxg3+ 36. Kf1 a2 37. Qe8+ Qg8 38. Bg7+ Rxg7 39. Rxh7+ Rxh7 0-1

[Event "*** SCC Grand Prix: Titled Tuesday Blitz"]
[Site "Chess.com"]
[Date "2020.08.11"]
[Round "9"]
[White "Sadykov_Ramil"]
[Black "Heineccius"]
[Result "0-1"]
[WhiteElo "2424"]
[BlackElo "2607"]
[TimeControl "180+1"]
[EndTime "11:45:13 PDT"]
[Termination "Heineccius won by resignation"]

1. e4 c5 2. Nf3 e6 3. d4 cxd4 4. Nxd4 Nc6 5. Nc3 Qc7 6. Be3 a6 7. Qf3 Nf6 8. O-O-O Rb8 9. Bf4 e5 10. Nd5 Nxd5 11. exd5 Nxd4 12. Rxd4 exf4 13. Qe4+ Kd8 14. d6 Bxd6 15. Bc4 Be5 16. Re1 Re8 17. Bxf7 Re7 18. Rc4 Bxb2+ 19. Kb1 Rxe4 20. Rexe4 Qxc4 21. Re8+ Kc7 22.
Bxc4 Bf6 23. Bd3 h6 24. Re4 b5 25. Rxf4 Bb7 26. g4 Re8 27. Kc1 Bg5 0-1

[Event "*** SCC Grand Prix: Titled Tuesday Blitz"]
[Site "Chess.com"]
[Date "2020.08.11"]
[Round "9"]
[White "pastouche06"]
[Black "Ural_bogatyr"]
[Result "1-0"]
[WhiteElo "2500"]
[BlackElo "2355"]
[TimeControl "180+1"]
[EndTime "11:45:14 PDT"]
[Termination "pastouche06 won on time"]

1. d4 Nf6 2. c4 e5 3. dxe5 Ng4 4. e3 Nxe5 5. Nh3 d5 6. Qxd5 Qf6 7.
Nf4 c6 8. Qd2 Bf5 9. Be2 Nbd7 10. O-O O-O-O 11. Qa5 Bd6 12. Qxa7 h5 13. g3 h4 14. e4 hxg3 15. exf5 Qh4 16. h3 Bc5 17. Qa8+ Kc7 18. Qa5+ Bb6 19. Qc3 gxf2+ 20. Kg2 Rde8 21.
Qg3 Qf6 22. Nc3 Kc8 23. Ne4 Qe7 24. Nxf2 f6 25. Qa3 Nf7 26. Qa8+ Kc7 27. Ne6+ Kd6 28.
Bf4+ Nfe5 29. Rad1+ 1-0

[Event "*** SCC Grand Prix: Titled Tuesday Blitz"]
[Site "Chess.com"]
[Date "2020.08.11"]
[Round "9"]
[White "Kotofeyca"]
[Black "GlennTipton"]
[Result "0-1"]
[WhiteElo "2291"]
[BlackElo "2441"]
[TimeControl "180+1"]
[EndTime "11:45:14 PDT"]
[Termination "GlennTipton won on time"]

1. d4 Nf6 2. c4 c5 3. Nf3 e6 4. Nc3 cxd4 5. Nxd4 a6 6. g3 d5 7.
cxd5 Nxd5 8. Bg2 Nxc3 9. bxc3 e5 10. Nb3 Qxd1+ 11. Kxd1 Nc6 12. Kc2 Bf5+ 13. e4 Be6 14. Be3 O-O-O 15. Nc5 Bxc5 16. Bxc5 Rd7 17. Bb6 Nb8 18. a4 Rd6 19. a5 Nd7 20. Be3 Rd8 21. Rhb1 Nb8 22. Ra4 Nc6 23. Bf1 g6 24. Be2 f5 25.
Bc4 Bxc4 26. Rxc4 fxe4 27. Rxe4 Rd5 28. Bb6 Rd2+ 29. Kb3 R8d5 30. c4 Nxa5+ 31. Kc3 R5d3+ 32. Kb4 Nc6+ 33. Kc5 Rxf2 34. Rbe1 a5 35. Rh4 h5 36.
g4 Rf4 37. h3 a4 38. Ra1 a3 39. Kb5 Rb3+ 0-1

[Event "*** SCC Grand Prix: Titled Tuesday Blitz"]
[Site "Chess.com"]
[Date "2020.08.11"]
[Round "9"]
[White "Son_of_Sultan"]
[Black "TregubovP"]
[Result "1-0"]
[WhiteElo "2727"]
[BlackElo "2595"]
[TimeControl "180+1"]
[EndTime "11:45:15 PDT"]
[Termination "Son_of_Sultan won on time"]

1. d4 Nf6 2. Nf3 e6 3. g3 c5 4. Bg2 cxd4 5. O-O d5 6. Nxd4 e5 7. Nb3 Nc6 8. c4 dxc4 9. Bxc6+ bxc6 10. Qxd8+ Kxd8 11. Na5 Kc7 12. Nxc4 Nd7 13. b3 Ba6 14.
Nbd2 f6 15. Bb2 Bb4 16. Rfd1 Bxd2 17. Rxd2 Bxc4 18. bxc4 Nb6 19. Rc2 Rhd8 20. f4 exf4 21. gxf4 Re8 22. Bd4 Re4 23. e3 Nd7 24. c5 Rb8 25. Kf2 Nf8 26. Kf3 Re7 27. f5 Nd7 28. Rg1 Rb4 29. Rcg2 g5 30. fxg6 hxg6 31. Rxg6 Ra4 32.
Rg7 Rxg7 33. Rxg7 Kd8 34. h4 Rxa2 35. Kg3 1-0

[Event "*** SCC Grand Prix: Titled Tuesday Blitz"]
[Site "Chess.com"]
[Date "2020.08.11"]
[Round "9"]
[White "Tekushka"]
[Black "NateSolon"]
[Result "1-0"]
[WhiteElo "2360"]
[BlackElo "2495"]
[TimeControl "180+1"]
[EndTime "11:45:15 PDT"]
[Termination "Tekushka won by resignation"]

1. e4 c5 2. Nf3 d6 3. d4 cxd4 4.
Nxd4 Nf6 5. Nc3 a6 6. h3 e6 7. g4 b5 8. g5 Nfd7 9. Bg2 Bb7 10. a3 Be7 11. h4 Qc7 12. f4 Nc6 13. Be3 Nb6 14. f5 Nc4 15. fxe6 O-O-O 16. Qe2 Nxe3 17. Qxe3 Nxd4 18. Qxd4 fxe6 19. Bh3 Kb8 20. Bxe6 d5 21. Bxd5 Bc5 22. Qd3 Qf4 23. Ne2 Qf2+ 24. Kd2 Bxd5 25. exd5 Be3+ 26. Kc3 Bb6 27. Qg3+ Qxg3+ 28. Nxg3 Rxd5 29.
Rad1 Rc8+ 30. Kb3 Rcd8 31. Rxd5 Rxd5 32. Rf1 Rd4 33. Rf8+ Kb7 34. Rf7+ Kc6 35. Nf5 Rf4 36. Ne7+ 1-0

[Event "*** SCC Grand Prix: Titled Tuesday Blitz"]
[Site "Chess.com"]
[Date "2020.08.11"]
[Round "9"]
[White "Shota_Azaladze"]
[Black "GoldenShare"]
[Result "0-1"]
[WhiteElo "2668"]
[BlackElo "2518"]
[TimeControl "180+1"]
[EndTime "11:45:17 PDT"]
[Termination "GoldenShare won by resignation"]

1. b3 e5 2. Bb2 Nc6 3. e3 Nf6 4. Bb5 Bd6 5. Na3 e4 6. Nc4 Be7 7. d4 O-O 8. d5 a6 9. Bxc6 bxc6 10. d6 cxd6 11. Nxd6 Qa5+ 12. Kf1 Qc5 13. Nc4 Qf5 14.
Nd6 Qe6 15. Nxc8 Raxc8 16. Ne2 d5 17. h3 c5 18. Nf4 Qc6 19. g4 d4 20. exd4 e3 21.
d5 Qb6 22. c4 exf2 23. Kxf2 Ne4+ 24. Kf3 f5 25. Ne6 Ng5+ 26. Nxg5 fxg4+ 27. Kxg4 Qg6 28. h4 Qf5+ 29. Kg3 Qf2+ 30. Kh3 Bxg5 31. Rf1 Qxh4+ 32.
Kg2 Qe4+ 33. Kh3 Qh4+ 34. Kg2 Qe4+ 35. Rf3 Rf4 36. Bc1 Rg4+ 37. Kf1 Bxc1 38. Rxc1 Rf8 39. Rxf8+ Kxf8 40. Rc2 Qh1+ 41. Ke2 Rg2+ 42. Kf3 Qxd1+ 0-1

[Event "*** SCC Grand Prix: Titled Tuesday Blitz"]
[Site "Chess.com"]
[Date "2020.08.11"]
[Round "9"]
[White "VladaSviridova"]
[Black "hellokostya"]
[Result "1-0"]
[WhiteElo "2246"]
[BlackElo "2363"]
[TimeControl "180+1"]
[EndTime "11:45:17 PDT"]
[Termination "VladaSviridova won on time"]

1. d4 Nf6 2. c4 g6 3. Nc3 Bg7 4.
e4 d6 5. Nf3 O-O 6. Be2 c6 7. O-O e5 8. Qc2 Qe7 9. dxe5 dxe5 10.
h3 Na6 11. Be3 Nc5 12. Nd2 Ne6 13. Nf3 Nh5 14. Rfd1 Nhf4 15. Bf1 f5 16. g3 Kh8 17. gxf4 exf4 18. Bd4 Nxd4 19. Nxd4 Qg5+ 20. Kh1 fxe4 21. Qxe4 Qh4 22. Qf3 h5 23. Kg1 c5 24. Ndb5 Bf5 25.
Nd6 Bg4 26. hxg4 hxg4 27. Qh1 Qh5 28. Qxh5+ gxh5 29. Nce4 b6 30. Ng5 Rf6 31. Nde4 Rf5 32. Rd7 Re8 33. Rad1 1-0

[Event "*** SCC Grand Prix: Titled Tuesday Blitz"]
[Site "Chess.com"]
[Date "2020.08.11"]
[Round "9"]
[White "Grischuk"]
[Black "Sanan_Sjugirov"]
[Result "1-0"]
[WhiteElo "3031"]
[BlackElo "2846"]
[TimeControl "180+1"]
[EndTime "11:45:18 PDT"]
[Termination "Grischuk won by resignation"]

1. Nf3 c5 2. e4 Nc6 3. Bb5 g6 4. Bxc6 dxc6 5. d3 Bg7 6. h3 Nf6 7. a4 a5 8. Be3 Nd7 9. Qc1 h6 10. O-O b6 11. Na3 Ba6 12. Nd2 Nf8 13. f4 Ne6 14. Nf3 Nd4 15. Nxd4 Bxd4 16. Kh1 Bg7 17. e5 Bc8 18. Nc4 Be6 19. b3 f6 20. Qe1 Kf7 21.
Rd1 b5 22. Nd2 Qd5 23. Ne4 c4 24. Nc3 Qd8 25. dxc4 Qc8 26. axb5 cxb5 27. Nxb5 a4 28. exf6 Bxf6 29. Bd4 axb3 30. cxb3 1-0

[Event "*** SCC Grand Prix: Titled Tuesday Blitz"]
[Site "Chess.com"]
[Date "2020.08.11"]
[Round "9"]
[White "GMaka"]
[Black "chegueps"]
[Result "0-1"]
[WhiteElo "2346"]
[BlackElo "2474"]
[TimeControl "180+1"]
[EndTime "11:45:20 PDT"]
[Termination "chegueps won by resignation"]

1. b3 c5 2. e4 Nc6 3. f4 d6 4. Nf3 e5 5. fxe5 dxe5 6. Bb5 Bd7 7. Bb2 f6 8. Nc3 Nd4 9. Bxd7+ Qxd7 10. Nd5 Ne7 11. c4 Nxd5 12. cxd5 Bd6 13. Bxd4 exd4 14. d3 O-O 15. O-O Bf4 16. Nh4 Be3+ 17. Kh1 g6 18. Qf3 a5 19. a4 Ra6 20. g3 Raa8 21. Ng2 Bh6 22. Nf4 Bxf4 23. gxf4 b5 24. Rg1 Kh8 25. Qg4 Qb7 26. Qe6 bxa4 27. bxa4 Qb3 28. Rg3 Rae8 29. Qc6 Qc3 30. Rag1 Rc8 31. Qe6 Rce8 32.
Qh3 c4 33. d6 cxd3 34. Rxd3 Qc6 35. d7 Qxe4+ 36. Rg2 Rd8 37. Qg4 0-1

[Event "*** SCC Grand Prix: Titled Tuesday Blitz"]
[Site "Chess.com"]
[Date "2020.08.11"]
[Round "9"]
[White "Sergey85Rodchenkov"]
[Black "praveenb2002"]
[Result "1-0"]
[WhiteElo "2490"]
[BlackElo "2716"]
[TimeControl "180+1"]
[EndTime "11:45:21 PDT"]
[Termination "Sergey85Rodchenkov won by checkmate"]

1. e4 c5 2. Nf3 d6 3. d4 cxd4 4. Nxd4 Nf6 5. Nc3 Nc6 6. Bc4 e6 7. O-O Be7 8. Kh1 O-O 9. f4 d5 10. exd5 exd5 11. Bb3 Bg4 12. Qd3 Re8 13. Be3 Bb4 14.
h3 Bxc3 15. bxc3 Bd7 16. Rad1 Na5 17. f5 Ne4 18. Bf4 Rc8 19. Bxd5 Rxc3 20. Qxe4 Rxe4 21. Bxe4 h6 22. Rfe1 Qh4 23. Bd2 Rc5 24. Bb4 Rc4 25. Bxa5 b6 26. Nf3 Qg3 27. Rxd7 bxa5 28. Rd8+ Kh7 29.
f6+ g6 30. Bd3 Rf4 31. Ree8 Rxf6 32. Rh8+ Kg7 33. Rdg8# 1-0